 Dungeon Crawl Stone Soup version 0.31-a0-446-g07c4bd200f (console) character file.

Game seed: 8790376655466004888

647 Ignak the Ogre Mage (level 7, -4/67 HPs)
             Began as an Ogre Hedge Wizard on Aug 3, 2023.
             Killed by miscasting Mephitic Cloud (8 damage)
             ... on level 5 of the Dungeon.
             The game lasted 00:14:22 (5626 turns).

Ignak the Ogre Mage (Ogre Hedge Wizard)             Turns: 5626, Time: 00:14:23

Health: -4/67      AC:  3    Str: 12 (15) XL:     7   Next: 52%
Magic:  2/14       EV: 14    Int: 14 (17) God:
Gold:   201        SH:  0    Dex:  5 (8)  Spells: 7/15 levels left

rFire   . . .        t - +0 war axe
rCold   . . .        (no shield)
rNeg    . . .        b - +0 robe
rPois   +            c - +0 hat
rElec   .            (no cloak)
rCorr   .            (gloves unavailable)
SInv    .            (boots unavailable)
Will    .....        (no amulet)
Stlth   +            q - +5 ring of evasion
HPRegen 0.31/turn    j - ring of poison resistance
MPRegen 0.14/turn

%: no passive effects
@: on blink cooldown, very slightly contaminated
A: large, unfitting armour, tough skin 1
a: no special abilities


You were on level 5 of the Dungeon.
You visited 2 branches of the dungeon, and saw 6 of its levels.

You collected 201 gold pieces.

Inventory:

Hand Weapons
 h - a +0 spear
 s - a +0 battleaxe
 t - a +0 war axe (weapon)
Missiles
 e - 2 javelins (quivered)
Armour
 b - a +0 robe (worn)
 c - a +0 hat (worn)
 d - a +2 tower shield
 i - a +0 kite shield
Jewellery
 f - a ring of flight
 j - a ring of poison resistance (right hand)
 q - a +5 ring of evasion (left hand)
Scrolls
 g - a scroll of revelation {unknown}
 k - 2 scrolls of amnesia
 m - 2 scrolls of fear
 o - a scroll of teleportation
 p - a scroll of identify
Potions
 a - 2 potions of might


   Skills:
 + Level 3.1 Fighting
 * Level 2.0 Axes
 + Level 3.0 Dodging
 - Level 1.4 Stealth
 * Level 2.5 Shields
 - Level 1.0 Unarmed Combat
 + Level 4.7 Spellcasting
 + Level 2.3 Conjurations
 - Level 1.0 Summonings
 + Level 2.5 Translocations
 + Level 1.7 Air Magic
 + Level 1.5 Poison Magic


You had 7 spell levels left.
You knew the following spells:

 Your Spells              Type           Power      Damage    Failure   Level
a - Magic Dart            Conj           36%        1d4       7%          1
b - Blink                 Tloc           20%        N/A       10%         2
d - Mephitic Cloud        Conj/Pois/Air  8%         N/A       26%         3
e - Call Imp              Summ           12%        N/A       19%         2

Your spell library contained the following spells:

 Spells                   Type           Power      Damage    Failure   Level
 Lesser Beckoning         Tloc           20%        N/A       10%         2
 Cigotuvi's Dreadful Rot  Necr/Pois/Air  12%        N/A       17%         2
 Slow                     Hex            12%        N/A       19%         1
 Gell's Gravitas          Tloc           10%        N/A       19%         3
 Teleport Other           Tloc           10%        N/A       19%         3
 Portal Projectile        Hex/Tloc       12%        N/A       32%         3
 Tukima's Dance           Hex            3%         N/A       47%         3
 Iskenderun's Mystic Bla  Conj/Tloc      10%        2d4       54%         4


Dungeon Overview and Level Annotations

Branches:
Dungeon (5/15)             Temple (1/1) D:4

Altars:
Ashenzari
Cheibriados
Dithmenos
Elyvilon
Fedhas
Hepliaklqana
Kikubaaqudgha
Makhleb
Nemelex Xobeh
Qazlal
Ru
Sif Muna
Trog
Vehumet
Wu Jian
Yredelemnul
The Shining One


Innate Abilities, Weirdness & Mutations

You are too large for most types of armour.
You have tough skin. (AC +1)


Message History

You slash the steam dragon!
The steam dragon is heavily wounded.
The steam dragon closely misses you. The steam dragon barely misses you.
You hit the steam dragon.
The steam dragon is severely wounded.
You hit the steam dragon. You punch the steam dragon.
The steam dragon is almost dead.
The steam dragon misses you. The steam dragon closely misses you.
You barely miss the steam dragon.
The steam dragon is almost dead.
The steam dragon seems less confused.
The steam dragon bites you! The steam dragon claws you.
You hit the steam dragon but do no damage.
The steam dragon is almost dead.
The steam dragon breathes steam at you. The ball of steam hits you!!
* * * LOW HITPOINT WARNING * * *
The steam dragon closely misses you. x2
You hit the steam dragon but do no damage.
The steam dragon is almost dead.
You are engulfed in a cloud of scalding steam.
* * * LOW HITPOINT WARNING * * *
The steam dragon barely misses you. The steam dragon closely misses you.
Casting: Mephitic Cloud (dangerous; 26% risk of failure)
Confirm with . or Enter, or press ? or * to list all spells.
You blink.
You are engulfed in a cloud of scalding steam.
* * * LOW HITPOINT WARNING * * *
Press: ? - help, v - describe, . - travel The floor.
Press: ? - help, v - describe, . - travel The floor.
Unknown command.
Casting: Blink (safe; 10% risk of failure)
Confirm with . or Enter, or press ? or * to list all spells.
Aiming: Mephitic Cloud (dangerous; 26% risk of failure)
Press: ? - help, Shift-Dir - straight line, p - steam dragon You miscast Mephitic Cloud.
The air around you crackles with energy!
You die...

######## #.....## ##....#
##..#...###### #....## ....#
##............###.^...### #....#
..............##..#.....####..).#
.....#........##.....D........
....###.............§.###.....
...## #...####.....§..# ##.. #.<#
##.## ##.....§## #..# #.#
#.@§§§## ##.# #.# #§.##.# #.# #.#
#>.##. #### #.# #.?.### ## #.#
####. .# # ##


You could see a steam dragon (catching breath).

Vanquished Creatures
  A kobold brigand (D:4)
  A scorpion (D:5)
  A hound (D:4)
  An orc priest (D:5)
  2 iguanas
  2 orc wizards (D:4)
  A gnoll (D:2)
  4 adders
  2 dart slugs
  7 orcs
  7 bats
  8 endoplasms
  A giant cockroach (D:1)
  3 hobgoblins
  4 jackals
  6 kobolds
  A quokka (D:1)
  10 ball pythons
  4 frilled lizards
  8 goblins
  4 rats
78 creatures vanquished.

Vanquished Creatures (collateral kills)
  An ogre (D:3)
  A centaur (D:5)
  3 gnolls (D:2)
  3 adders
  A worm (D:2)
  2 orcs
  2 bats
  3 goblins
  2 hobgoblins
  2 jackals
  2 kobolds
  A quokka (D:2)
  A frilled lizard (D:3)
24 creatures vanquished.

Vanquished Creatures (others)
  A rat (D:1)
1 creature vanquished.

Grand Total: 103 creatures vanquished

Notes
Turn   | Place    | Note
-------+----------+-------------------------------------------
     0 | D:1      | Ignak the Ogre Hedge Wizard began the quest for the Orb.
     0 | D:1      | Reached XP level 1. HP: 16/16 MP: 5/5
    52 | D:1      | Reached skill level 1 in Conjurations
    92 | D:1      | Reached skill level 1 in Summonings
    92 | D:1      | Reached skill level 1 in Translocations
   117 | D:1      | Reached XP level 2. HP: 15/24 MP: 1/6
   201 | D:1      | Learned a level 2 spell: Blink
   204 | D:1      | Learned a level 2 spell: Call Imp
   467 | D:1      | Reached XP level 3. HP: 32/32 MP: 8/8
   483 | D:1      | Reached skill level 1 in Fighting
   636 | D:1      | Reached skill level 4 in Spellcasting
  1189 | D:1      | Learned a level 3 spell: Mephitic Cloud
  1265 | D:2      | Reached skill level 1 in Unarmed Combat
  1265 | D:2      | Reached XP level 4. HP: 41/41 MP: 8/10
  1737 | D:2      | Identified the +2 plate armour of Tenacity {Contam Fly
                  | Int+4 Stlth+}
  1775 | D:2      | Found a stormy altar of Qazlal.
  2135 | D:2      | Reached XP level 5. HP: 29/49 MP: 5/11
  2152 | D:2      | HP: 2/49 [gnoll/+0 spear (1)]
  2986 | D:3      | Found a stormy altar of Qazlal.
  2989 | D:3      | Noticed an air elemental
  2989 | D:3      | Noticed a fire elemental
  2989 | D:3      | Noticed a water elemental
  3076 | D:3      | Reached skill level 1 in Shields
  3653 | D:4      | Found a staircase to the Ecumenical Temple.
  3668 | Temple   | Entered the Ecumenical Temple
  3767 | D:4      | Noticed an ogre
  3963 | D:3      | Killed an ogre
  3964 | D:3      | Reached skill level 1 in Air Magic
  3964 | D:3      | Reached skill level 1 in Poison Magic
  3964 | D:3      | Reached XP level 6. HP: 38/58 MP: 1/12
  4374 | D:3      | Reached skill level 1 in Axes
  4941 | D:4      | Reached XP level 7. HP: 40/66 MP: 1/13
  5199 | D:5      | Entered Level 5 of the Dungeon
  5605 | D:5      | Noticed a steam dragon
  5625 | D:5      | HP: 3/67 [steam dragon] (5)]
  5626 | D:5      | Killed by miscasting Mephitic Cloud

Illustrated notes

Levels and vault maps discovered:
D:1:      dpeg_arrival_court, layout_basic, serial_glass, glass_columns_b,
          glass_columns_a, glass_columns_b, glass_columns_a, glass_columns_a,
          glass_columns_a, kennysheep_minor_cross, minivault_27
D:2:      layout_loops_ring, serial_co_window_serial, co_window_paths_a,
          co_window_of_opportunity_a, co_window_paths_b, co_window_paths_b,
          co_window_of_opportunity_a, co_window_of_opportunity_b,
          co_window_of_opportunity_c, co_window_broadway_b,
          co_window_of_opportunity_c, co_window_corner_b, co_window_4corner_b,
          basic_altar, feat_on_display
D:3:      layout_basic, nicolae_qazlal_style_of_elements
D:4:      layout_rooms, minmay_temple_entry_statues_fountains
D:5:      layout_layer_cave
Temple:   nicolae_temple_superstar

Skill      XL: |  1  2  3  4  5  6  7 |
---------------+----------------------+-----
Conjurations   | 1 2 |  2.3
Summonings     | 1 |  1.0
Translocations | 1 2 |  2.5
Dodging        | 2 3 |  3.0
Fighting       | 1 2 3 |  3.1
Spellcasting   | 4 |  4.7
Unarmed Combat | 1 |  1.0
Shields        | 1 2 |  2.5
Air Magic      | 1 |  1.7
Poison Magic   | 1 |  1.5
Axes           | 1 2 |  2.0
Stealth        | |  1.4

Action                     |  1- 3 |  4- 6 |  7- 9 || total
---------------------------+-------+-------+-------++-------
  Melee: Dagger            |    46 |       |       ||    46
         Spear             |    79 |    35 |       ||   114
         Punch             |     1 |     4 |     2 ||     7
         Hand axe          |       |    87 |       ||    87
         War axe           |       |    85 |    37 ||   122
  Throw: Javelin           |     6 |     2 |     1 ||     9
   Cast: Magic Dart        |     6 |       |       ||     6
         Call Imp          |     8 |    24 |     1 ||    33
         Blink             |     1 |    11 |     1 ||    13
         Mephitic Cloud    |       |    17 |     5 ||    22
    Use: Potion            |     2 |     4 |     2 ||     8
         Scroll            |       |     4 |     2 ||     6
   Stab: Sleeping          |       |     2 |       ||     2
         Confused          |       |     1 |     1 ||     2
 Armour: Robe              |    46 |    59 |    12 ||   117
  Dodge: Dodged            |    73 |   165 |    33 ||   271

Table legend: (Time is in decaauts)
 A = Elapsed time spent in this place.
 B = Non-inter-level travel time spent in this place.
 C = Inter-level travel time spent in this place.
 D = Time resting spent in this place.
 E = Time spent auto-exploring this place.
 F = Levels seen in this place.
 G = Mean time per level.
                   A        B        C        D        E       F      G
               +--------+--------+--------+--------+--------+-----+--------+
         Total |   5736 |   5613 |    123 |   1517 |   2238 |   6 |  956.0 |
       Dungeon |   5703 |   5580 |    123 |   1517 |   2238 |   5 | 1140.6 |
        Temple |     33 |     33 |      0 |      0 |      0 |   1 |   33.0 |
               +--------+--------+--------+--------+--------+-----+--------+

Top non-repeatable levels by time:
     D:2: 1659 daAuts
     D:3: 1498 daAuts
     D:1: 1318 daAuts
     D:4: 802 daAuts
     D:5: 424 daAuts
  Temple: 33 daAuts
